 Dungeon Crawl Stone Soup version 0.29-a0-732-g3d7fbe0af2 (webtiles) character file.

Game seed: 653173871582702220

1437 zeratav the Slicer (level 8, -1/38 HPs)
             Began as a Vine Stalker Gladiator on June 29, 2022.
             Was a Believer of Uskayaw.
             Succumbed to a killer bee's poison
             ... on level 7 of the Dungeon.
             The game lasted 00:08:32 (6233 turns).

zeratav the Slicer (Vine Stalker Gladiator)         Turns: 6233, Time: 00:08:32

Health: -1/38      AC:  9    Str: 16    XL:     8   Next: 74%
Magic:  2/12       EV: 12    Int:  8    God:    Uskayaw [**....]
Gold:   210        SH:  0    Dex: 19    Spells: 7/7 levels left

rFire   . . .      SeeInvis .   P - +4 short sword {short}
rCold   . . .      Faith    .   (no shield)
rNeg    . . .      Spirit   +   b - +0 leather armour
rPois   .          Reflect  .   c - +0 helmet
rElec   .          Harm     .   q - scarf {repulsion}
rCorr   .          Rampage  .   (no gloves)
Will    +....                   g - +0 pair of boots
Stlth   +.........              (no amulet)
HPRegen 0.92/turn               o - +4 ring of protection
MPRegen 0.13/turn               (no ring)

@: brilliant, lethally poisoned (-1 -> -8), attractive, repel missiles
A: fangs 3, regeneration 1, magic shield, antimagic bite, no potion heal 2
a: Renounce Religion, Stomp, Line Pass


You were on level 7 of the Dungeon.
You worshipped Uskayaw.
Uskayaw was noncommittal.
You visited 2 branches of the dungeon, and saw 8 of its levels.

You collected 335 gold pieces.
You spent 125 gold pieces at shops.


Innate Abilities, Weirdness & Mutations

You have razor-sharp teeth.
Your natural rate of healing is unusually fast.
When hurt, damage is shared between your health and your magic reserves.
Your bite disrupts and absorbs the magic of your enemies.
Potions cannot restore your health.


   Skills:
 - Level 1.7 Fighting
 + Level 8.9 Short Blades
 - Level 1.7 Throwing
 - Level 2.4 Dodging
 + Level 4.8 Invocations


You had 7 spell levels left.
You didn't know any spells.
Your spell library contained the following spells:

 Spells                   Type           Power      Damage    Failure   Level
 Sublimation of Blood     Necr           0%         N/A       63%         2
 Conjure Flame            Conj/Fire      0%         6-21      85%         3
 Ignite Poison            Fire/Tmut/Pois 0%         N/A       85%         3
 Fulminant Prism          Conj/Hex       0%         3d6       99%         4
 Iskenderun's Mystic Bla  Conj/Tloc      0%         2d3       99%         4
 Petrify                  Tmut/Erth      0%         N/A       99%         4
 Sticky Flame             Conj/Fire      0%         2d3       99%         4
 Irradiate                Conj/Tmut      0%         3d13      100%        5
 Lee's Rapid Deconstruct  Erth           0%         3d5*      100%        5

Inventory:

Hand Weapons
 O - the +12 long sword of Floral Exoneration {holy, Will+, @e2long}
   (You found it on level 6 of the Dungeon)

   It has been blessed by the Shining One to cause great damage to the undead
   and demons.
   Will:      It increases your willpower.
 P - a +4 short sword (weapon) {short}
   (You took it off a wight on level 6 of the Dungeon)
Missiles
 d - 3 throwing nets (quivered) {=fthrowing}
 e - a javelin {throwing}
 C - 2 boomerangs {throwing}
Armour
 b - a +0 leather armour (worn)
 c - a +0 helmet (worn)
 g - a +0 pair of boots (worn)
   (You found it on level 2 of the Dungeon)
 q - a scarf of repulsion (worn)
   (You found it on level 1 of the Dungeon)
 E - a +0 pair of gloves
   (You found it on level 4 of the Dungeon)
 H - a +2 scale mail of fire resistance
   (You found it on level 5 of the Dungeon)
 L - a +0 pair of gloves
   (You found it on level 6 of the Dungeon)
Jewellery
 a - a ring of protection from fire
   (You found it on level 7 of the Dungeon)
 o - a +4 ring of protection (left hand)
   (You found it on level 1 of the Dungeon)
 w - a ring of protection from fire
   (You found it on level 2 of the Dungeon)
 I - a ring of fire
   (You found it on level 5 of the Dungeon)
 T - a ring of positive energy
   (You bought it in a shop on level 7 of the Dungeon)
Wands
 B - a wand of polymorph (6)
   (You took it off Blork the orc on level 4 of the Dungeon)
 G - a wand of mindburst (20)
   (You found it on level 5 of the Dungeon)
 S - a wand of paralysis (7)
   (You found it on level 7 of the Dungeon)
Scrolls
 i - 6 scrolls of identify {unknown}
 j - a scroll of amnesia {unknown}
 k - 2 scrolls of enchant weapon {unknown}
 l - 2 scrolls of blinking {unknown}
 n - 2 scrolls of silence {unknown}
 p - 3 scrolls of magic mapping {unknown}
 r - a scroll of vulnerability {unknown}
 x - 5 scrolls of teleportation {unknown}
 y - a scroll of enchant armour {unknown}
 A - a scroll of fear {unknown}
 D - a scroll of brand weapon {unknown}
 F - a scroll of acquirement {unknown}
 J - 2 scrolls of poison {unknown}
 K - a scroll of noise {unknown}
 N - 2 scrolls of immolation {unknown}
 Q - a scroll of torment {unknown}
Potions
 f - 2 potions of brilliance
 h - a potion of curing {unknown}
 m - 3 potions of mutation {unknown}
 s - 3 potions of invisibility {unknown}
 t - 3 potions of attraction {!q}
 u - 2 potions of flight {unknown}
 v - a potion of ambrosia {unknown}
 z - 3 potions of degeneration {unknown}
 M - 3 potions of heal wounds {unknown}
 R - a potion of lignification {unknown}

Dungeon Overview and Level Annotations

Branches:
Dungeon (7/15) Zot: 26691  Temple (1/1) D:5 Zot: 5629

Altars:
Ashenzari
Cheibriados
Dithmenos
Elyvilon
Fedhas
Gozag
Hepliaklqana
Kikubaaqudgha
Makhleb
Nemelex Xobeh
Okawaru
Qazlal
Ru
Sif Muna
Trog
Uskayaw
Vehumet
Wu Jian
Xom
Yredelemnul
The Shining One

Shops:
D:4 =   D:6 * D:7

*[*( # #.# #.#...
#.
#.####.######.....
#.#
#...........<.....
#..####
######............
#.....##
##########...
####......# #♣..
#.........# #####
♣♣.
#........######...#
♣♣
#.........y@.....#
♣
#....#####.####...#
♣ #.#### #.# ##.##
♣. #.#####.#######
♣.. .y........#...#
♣.. ...####.#.#.###
... ....# #.#....##
♣♣.. #...#
#.#.....# ♣.. ....#
#.......#


You could see a killer bee.


Message History

HP[+4] MP[+1]
Your hp is fully restored (38).
Your mp is fully restored (12).
A killer bee is nearby!
A killer bee is nearby!
The killer bee buzzes angrily.
A killer bee comes into view.
The killer bee buzzes angrily.
The killer bee stings you.
You are poisoned.
The killer bee poisons you!
HP[-3]
You take 3 damage, and now have 35/38 hp.
You barely miss the killer bee. You bite the killer bee. You drain its power.
You feel sick. The killer bee closely misses you.
HP[-1]
You take 1 damage, and now have 34/38 hp.
You hit the killer bee.
You feel sick. The killer bee barely misses you.
The killer bee stings you but does no damage.
The killer bee stings you. x2
You are more poisoned.
The killer bee poisons you!
HP[-5] MP[-1]
You take 5 damage, and now have 29/38 hp.
You lost 1 mp, and now have 11/12 mp.
You closely miss the killer bee. Your bite misses the killer bee.
You feel sick. The killer bee barely misses you.
The killer bee stings you but does no damage.
HP[-1]
You take 1 damage, and now have 28/38 hp.
You feel sick. The killer bee closely misses you.
HP[-1]
You take 1 damage, and now have 27/38 hp.
The killer bee attacks as you move away!
The killer bee stings you but does no damage.
You feel sick. The killer bee closely misses you. x2
HP[-1]
You take 1 damage, and now have 26/38 hp.
You feel sick. The killer bee stings you. x2
HP[-5] MP[-2]
You take 5 damage, and now have 21/38 hp.
You lost 2 mp, and now have 9/12 mp.
The killer bee attacks as you move away!
The killer bee stings you but does no damage.
You feel sick. The killer bee closely misses you.
The killer bee barely misses you.
The killer bee attacks as you move away!
The killer bee barely misses you.
You feel sick.
A killer bee comes into view.
You feel sick. The killer bee stings you.
* * * LOW HITPOINT WARNING * * *
You are more poisoned.
The killer bee poisons you!
A killer bee comes into view.
The killer bee stings you but does no damage.
The killer bee stings you.
* * * LOW HITPOINT WARNING * * *
You are more poisoned.
The killer bee poisons you!
HP[-8] MP[-4]
You take 8 damage, and now have 13/38 hp.
MASSIVE DAMAGE!! (PAUSE)
You lost 4 mp, and now have 5/12 mp.
You feel very sick.
The killer bee stings you but does no damage.
HP[-3] MP[+1]
You take 3 damage, and now have 10/38 hp.
You hit the killer bee. Your bite misses the killer bee.
You feel sick. The killer bee barely misses you.
HP[-2]
You take 2 damage, and now have 8/38 hp.
You closely miss the killer bee.
You feel sick. The killer bee barely misses you.
You barely miss the killer bee.
You feel sick. The killer bee completely misses you.
The killer bee stings you but does no damage.
HP[-1]
You take 1 damage, and now have 7/38 hp.
You barely miss the killer bee. Your bite misses the killer bee.
You feel sick. The killer bee stings you.
* * * LOW HITPOINT WARNING * * *
HP[-4] MP[-3]
You take 4 damage, and now have 3/38 hp.
You lost 3 mp, and now have 3/12 mp.
You hit the killer bee. You bite the killer bee.
You kill the killer bee!
You feel sick.
You can now pass through a line of other dancers.
It was a potion of attraction.
You feel attractive to monsters.
* * * LOW HITPOINT WARNING * * *
You feel sick. The killer bee stings you.
* * * LOW HITPOINT WARNING * * *
You are more poisoned.
The killer bee poisons you! The killer bee closely misses you.
HP[-2] MP[-1]
You take 2 damage, and now have 1/38 hp.
You lost 1 mp, and now have 2/12 mp.
It was a potion of brilliance.
You feel clever all of a sudden.
You die...

Skill      XL: |  1  2  3  4  5  6  7  8 |
---------------+-------------------------+-----
Short Blades   | 3 4 5 6 7 8 |  8.9
Invocations    | 2 4 |  4.8
Fighting       | |  1.7
Throwing       | |  1.7
Dodging        | |  2.4

Action                   |  1- 3 |  4- 6 |  7- 9 || total
-------------------------+-------+-------+-------++-------
Melee: Rapier            |    75 |   188 |    63 ||   326
       Bite              |    16 |    49 |    24 ||    89
       Punch             |     1 |     4 |     2 ||     7
       Unarmed           |       |     3 |       ||     3
       Long sword        |       |       |     5 ||     5
       Short sword       |       |       |    41 ||    41
Evoke: Wand              |       |     3 |       ||     3
  Use: Potion            |       |       |     2 ||     2
 Stab: Sleeping          |     1 |     1 |       ||     2
       Paralysed         |       |       |     3 ||     3
Armor: Leather armour    |    16 |    63 |    27 ||   106
Dodge: Dodged            |    43 |   105 |    59 ||   207
       Repelled          |     2 |     2 |       ||     4

Levels and vault maps discovered:
D:1:      amcnicky_arrival_wind_blow, layout_loops_ring,
          ebering_ecumenical_altar_rust, st_stairs_11,
          chequers_serial_rivers_micro_d, grunt_decor_one_mirror,
          minmay_hexomino_f4
D:2:      minmay_recursive_quarters, layout_basic
D:3:      layout_basic, dreamdust_mushroom_princess, serial_bayou_pond_e
D:4:      layout_basic, minmay_shop_enchanted_jewellery, uniq_robin,
          uniq_edmund, uniq_blork_the_orc
D:5:      layout_rooms, makhleb_altar_promises_db,
          nicolae_sif_muna_little_library, minmay_temple_entry_large_hall
D:6:      layout_rooms, minmay_misc_feat_alley,
          nicolae_shop_sticking_my_neck_out
D:7:      layout_loops_ring, mainiacjoe_overflow_boulevard, elyvilon_altar_3,
          minmay_shop_grid_forest
Temple:   minmay_temple_bridge_d

Notes
Turn   | Place    | Note
-------+----------+-------------------------------------------
     0 | D:1      | zeratav the Vine Stalker Gladiator began the quest for the
                  | Orb.
     0 | D:1      | Reached XP level 1. HP: 11/11 MP: 2/2
     0 | D:1      | magus.rc [v1.9.6]
   126 | D:1      | Reached skill level 3 in Short Blades
   134 | D:1      | Reached XP level 2. HP: 8/15 MP: 1/3
   505 | D:1      | Found a faded altar of an unknown god.
   630 | D:1      | Reached XP level 3. HP: 12/18 MP: 4/4
  1024 | D:1      | Reached skill level 4 in Short Blades
  1833 | D:2      | Gained mutation: Your natural rate of healing is unusually
                  | fast. [Vine Stalker growth]
  1833 | D:2      | Reached XP level 4. HP: 16/23 MP: 3/5
  2843 | D:3      | Reached skill level 5 in Short Blades
  2872 | D:3      | Reached XP level 5. HP: 26/26 MP: 6/6
  3559 | D:4      | Noticed Blork the orc
  3620 | D:4      | Killed Blork the orc
  3621 | D:4      | Reached skill level 6 in Short Blades
  3621 | D:4      | Reached XP level 6. HP: 24/30 MP: 5/7
  3733 | D:4      | Found Ycualije's Jewellery Boutique.
  3748 | D:4      | Noticed Robin
  3769 | D:4      | Killed Robin
  4275 | D:4      | Noticed Edmund
  4279 | D:4      | Noticed Edmund
  4279 | D:4      | Edmund changed into Edmund the bullfrog
  4287 | D:4      | Killed Edmund the bullfrog
  4288 | D:4      | Reached skill level 7 in Short Blades
  4288 | D:4      | Reached XP level 7. HP: 34/34 MP: 8/8
  4294 | D:4      | You pick up a book of Alchemy and begin reading...
  4294 | D:4      | You add the spells Sublimation of Blood, Petrify and
                  | Irradiate to your library.
  4481 | D:5      | Entered Level 5 of the Dungeon
  4544 | D:5      | Found a burning altar of Makhleb.
  4544 | D:5      | Noticed a blizzard demon
  4547 | D:5      | Noticed a ynoxinul
  4547 | D:5      | Noticed a ynoxinul
  4733 | D:5      | Found a staircase to the Ecumenical Temple.
  4743 | Temple   | Entered the Ecumenical Temple
  5042 | Temple   | Became a worshipper of Uskayaw the Reveller
  5117 | D:5      | Reached * piety under Uskayaw
  5119 | D:5      | Reached ** piety under Uskayaw
  5120 | D:5      | Reached skill level 1 in Invocations
  5339 | D:5      | Found a shimmering blue altar of Sif Muna.
  5456 | D:6      | Reached *** piety under Uskayaw
  5458 | D:6      | Reached skill level 2 in Invocations
  5458 | D:6      | Reached **** piety under Uskayaw
  5667 | D:6      | Found Ishoecva's Neck Hole.
  5687 | D:6      | Identified the +12 long sword of Floral Exoneration {holy,
                  | Will+}
  5724 | D:6      | Reached skill level 8 in Short Blades
  5726 | D:6      | Gained mutation: You have razor-sharp teeth. [Vine Stalker
                  | growth]
  5726 | D:6      | Reached XP level 8. HP: 38/38 MP: 9/11
  5728 | D:6      | Reached skill level 3 in Invocations
  5911 | D:7      | Found a hazy altar of Hepliaklqana.
  5963 | D:7      | You pick up a book of Blasting and begin reading...
  5963 | D:7      | You add the spells Fulminant Prism, Iskenderun's Mystic
                  | Blast and Lee's Rapid Deconstruction to your library.
  6000 | D:7      | Found Dysuxo's Antique Weapon Emporium.
  6004 | D:7      | Found Xeodosar's Assorted Antiques.
  6005 | D:7      | You add the spells Conjure Flame, Ignite Poison and Sticky
                  | Flame to your library.
  6006 | D:7      | Found Qiownistro's Assorted Antiques.
  6012 | D:7      | Found Plog's Armour Emporium.
  6018 | D:7      | Bought a gilded ring for 125 gold pieces
  6050 | D:7      | Found a white marble altar of Elyvilon.
  6058 | D:7      | Reached skill level 4 in Invocations
  6227 | D:7      | HP: 8/38 [poisoned by a killer bee]
  6230 | D:7      | HP: 3/38 [killer bee (3)]
  6232 | D:7      | HP: 1/38 [killer bee (1)]
  6233 | D:7      | Succumbed to a killer bee's poison

Vanquished Creatures
  A water moccasin (D:5)
  A sky beast (D:7)
  A black bear (D:7)
  3 ogres
  Blork the orc (D:4)
  2 bullfrogs
  A scorpion (D:7)
  4 wights (D:6)
  A killer bee (D:7)
  2 hounds
  An orc wizard (D:4)
  3 iguanas
  Robin (D:4)
  3 gnolls (D:5)
  8 adders
  2 white imps
  2 worms (D:2)
  7 dart slugs
  8 orcs
  6 ball pythons
  6 bats
  7 endoplasms
  4 giant cockroaches
  15 goblins
  8 hobgoblins
  2 jackals (D:1)
  4 quokkas
  7 frilled lizards
  12 kobolds
  5 rats
128 creatures vanquished.

Vanquished Creatures (others)
  5 fungi (D:3)
5 creatures vanquished.

Grand Total: 133 creatures vanquished

Table legend:
 A = Non-vault XP
 B = Vault XP
 C = Vault XP percentage of total XP
 D = Non-vault monster count
 E = Vault monster count
 F = Vault count percentage of total count
                 A         B        C        D         E       F
            +---------+---------+-------+---------+---------+-------
      Total |    1792 |     261 |  12.7 |      99 |      29 |  22.7
            +---------+---------+-------+---------+---------+-------
        D:1 |      48 |      10 |  17.2 |      24 |       7 |  22.6
        D:2 |      46 |      31 |  40.3 |      11 |       9 |  45.0
        D:3 |      96 |       0 |   0.0 |      22 |       0 |   0.0
        D:4 |     185 |     220 |  54.3 |      17 |      13 |  43.3
        D:5 |     385 |       0 |   0.0 |       7 |       0 |   0.0
        D:6 |     375 |       0 |   0.0 |      10 |       0 |   0.0
        D:7 |     657 |       0 |   0.0 |       8 |       0 |   0.0
            +---------+---------+-------+---------+---------+-------

Illustrated notes

Table legend:
 A = Kills in this place as a percentage of kills in entire the game.
 B = Kills by you in this place as a percentage of kills by you in the entire game.
 C = Kills by friends in this place as a percentage of kills by friends in the entire game.
 D = Other kills in this place as a percentage of other kills in the entire game.
 E = Experience gained in this place as a percentage of experience gained in the entire game.
 F = Experience gained in this place divided by the number of levels of this place that you have seen.
                   A       B       C       D       E      F
               +-------+-------+-------+-------+-------+----------------------
         Total | 100.0 | 100.0 |   N/A |   N/A | 100.0 | 256.6
       Dungeon | 100.0 | 100.0 |   N/A |   N/A | 100.0 | 293.3
               +-------+-------+-------+-------+-------+----------------------

Table legend: (Time is in decaauts)
 A = Elapsed time spent in this place.
 B = Non-inter-level travel time spent in this place.
 C = Inter-level travel time spent in this place.
 D = Time resting spent in this place.
 E = Time spent auto-exploring this place.
 F = Levels seen in this place.
 G = Mean time per level.
                   A        B        C        D        E       F      G
               +--------+--------+--------+--------+--------+-----+--------+
         Total |   6191 |   5847 |    344 |    215 |   4782 |   8 |  773.9 |
       Dungeon |   5820 |   5622 |    198 |    215 |   4569 |   7 |  831.4 |
        Temple |    370 |    224 |    146 |      0 |    213 |   1 |  370.0 |
               +--------+--------+--------+--------+--------+-----+--------+

Top non-repeatable levels by time:
     D:1: 1349 daAuts
     D:2: 1234 daAuts
     D:3: 980 daAuts
     D:4: 901 daAuts
     D:5: 576 daAuts
     D:6: 471 daAuts
  Temple: 370 daAuts
     D:7: 308 daAuts
